 Dungeon Crawl Stone Soup version 0.27.0-1-g7a089689b8 (webtiles) character file.

Game seed: 2720313733426394745

5 Myro the Magician (level 1, -1/15 HPs)
             Began as a Djinni Necromancer on Aug 7, 2021.
             Slain by a jackal (2 damage)
             ... on level 1 of the Dungeon.
             The game lasted 00:00:40 (473 turns).

Myro the Magician (Djinni Necromancer)               Turns: 473, Time: 00:00:41

Health: -1/15      AC:  2    Str:  7    XL:     1   Next: 88%
Gold:   7          EV: 12    Int: 16    God:
                   SH:  0    Dex: 13

rFire    + + .     SeeInvis .   b - +0 dagger
rCold    x . .     Faith    .   (no shield)
rNeg     . . .     Spirit   .   a - +0 robe
rPois    ∞         Reflect  .   (no helmet)
rElec    .         Harm     .   (no cloak)
rCorr    .         Rampage  .   (no gloves)
Will     .....                  (boots unavailable)
Stlth    ++........             (no amulet)
HPRegen  0.05/turn              (no ring)
MPRegen  0.00/turn              (no ring)

@: flying
A: sickness immunity, fire resistance 2, cold vulnerability 1, float, innate
caster, hp casting, extra vitality 1
a: no special abilities


You were on level 1 of the Dungeon.
You visited 1 branch of the dungeon, and saw 1 of its levels.

You collected 7 gold pieces.

Inventory:

Hand Weapons
 b - a +0 dagger (weapon)
Missiles
 c - 4 atropa-tipped darts
Armour
 a - a +0 robe (worn)


   Skills:
 - Level 2.1 Dodging
 - Level 1.5 Stealth
 + Level 3.5 Spellcasting


You couldn't memorise any spells.
You knew the following spells:

 Your Spells              Type           Power      Damage    Failure   Level
a - Pain                  Necr           56%        1d6       4%          1
b - Animate Skeleton      Necr           28%        N/A       4%          1
c - Vampiric Draining     Necr           7%         2d7       13%         3
d - Animate Dead          Necr           7%         N/A       38%         4
e - Agony                 Necr           14%        N/A       75%         5
Your spell library was empty.

Dungeon Overview and Level Annotations

Branches:
Dungeon (1/15)

Altars:


Innate Abilities, Weirdness & Mutations

You are immune to sickness and miasma.
You are immune to poison.
Your flesh is very heat resistant. (rF++)
You are vulnerable to cold. (rC-)
You float through the air rather than walking.
You learn spells naturally, not from books.
Your magical power is your life essence.
You have superior vitality. (+4 HP)


Message History

The ball python hisses angrily.
The ball python writhes in agony.
The ball python writhes in agony.
You kill the ball python!
A jackal comes into view.
A jackal comes into view.
The jackal barks!
The jackal barely resists.
The jackal barks!
The jackal writhes in agony.
You hit the jackal but do no damage.
The jackal is moderately wounded.
The jackal bites you. The jackal bites you.
You are too injured to fight recklessly!
The jackal bites you. The jackal barely misses you. The jackal bites you.
* * * LOW HITPOINT WARNING * * *
The jackal barely misses you. The jackal closely misses you.
The jackal misses you.
You reach down and open the door.
The jackal misses you.
There is an open door here.
Which direction?
There isn't anything that you can close there!
You hit the jackal but do no damage. The jackal bites you.
* * * LOW HITPOINT WARNING * * *
You closely miss the jackal.
The jackal bites you but does no damage.
The jackal bites you.
* * * LOW HITPOINT WARNING * * *
The jackal closely misses you.
You aren't carrying any potions.
You hit the jackal.
The jackal is moderately wounded.
The jackal closely misses you.
You hit the jackal.
The jackal is almost dead.
The jackal bites you.
You die...

+.....#.#.+.......####.###
#.....#.#.##......# #...#
#..>..#'#.##......######.#
#..<..#.#.#########.# #.#
+.....'.#...#######.# #.#
#######.#'#.........# #.#
#.....+.#.#####.####.#
#.###.#####.# #.#....#
#....hh@....# #.#.####
#.....###########.#.#
.........+...#.......#†#
.#.#.....#.#.#.#######.# #
#.#.....#.........#.#
#.#.........#.###.#.# #
#.........#.....#.#
...........#.#####.#
...........#.......#


You could see 2 jackals.

Vanquished Creatures
  A ball python (D:1)
  A goblin (D:1)
  2 bats (D:1)
  A frilled lizard (D:1)
5 creatures vanquished.

Notes
Turn   | Place    | Note
-------+----------+-------------------------------------------
     0 | D:1      | Myro the Djinni Necromancer began the quest for the Orb.
     0 | D:1      | Reached XP level 1. HP: 15/15 MP: 0/0
   473 | D:1      | Slain by a jackal

Illustrated notes

Levels and vault maps discovered:
D:1:      shiori_arrival_maze, layout_basic, serial_shops, shop

Action                   || total
-------------------------++-------
Melee: Dagger            ||     5
 Cast: Pain              ||    11
Armor: Robe              ||     1
Dodge: Dodged            ||     7
